 Dungeon Crawl Stone Soup version 0.30-a0-297-g0ec75d9ef4 (webtiles) character file.

Game seed: 15476663631225164455

1539 Lobster4 the Grasshopper (level 8, -1/64 HPs)
             Began as a Gnoll Warper on Oct 18, 2022.
             Was a Follower of Sif Muna.
             Engulfed by a steam dragon's steam (7 damage)
             ... on level 7 of the Dungeon.
             The game lasted 00:20:45 (6215 turns).

Lobster4 the Grasshopper (Gnoll Warper)             Turns: 6215, Time: 00:20:46

Health: -1/64      AC:  6    Str: 10    XL:     8   Next: 86%
Magic:  17/17      EV: 13    Int: 16    God:    Sif Muna [*.....]
Gold:   257        SH:  0    Dex: 11    Spells: 14/19 levels left

rFire   . . .      SeeInvis .    f - +2 hand axe (elec)
rCold   + . .      Faith    .    (no shield)
rNeg    . . .      Spirit   .    b - +0 leather armour
rPois   .          Reflect  .    (no helmet)
rElec   .          Harm     .    (no cloak)
rCorr   .          Rampage  .    l - +0 pair of gloves
Will    .....                    r - +0 pair of boots
Stlth   ++........               x - amulet of regeneration
HPRegen 1.10/turn                j - ring of protection from cold
MPRegen 0.15/turn                (no ring)

@: hasted, very quick
A: fangs 1, strong nose, distributed training
a: Renounce Religion, Channel Magic


You were on level 7 of the Dungeon.
You worshipped Sif Muna.
Sif Muna was aware of your devotion.
You visited 1 branch of the dungeon, and saw 7 of its levels.

You collected 257 gold pieces.

Inventory:

Hand Weapons
 a - a +0 falchion
 f - a +2 hand axe of electrocution (weapon)
 w - a +1 halberd of venom
 y - a +0 shortbow
Missiles
 d - 4 boomerangs of dispersal (quivered)
 o - 10 stones
 q - 9 poisoned darts
 t - 2 atropa-tipped darts
Armour
 b - a +0 leather armour (worn)
 i - a +0 scale mail
 l - a +0 pair of gloves (worn)
 n - a +0 ring mail
 r - a +0 pair of boots (worn)
Jewellery
 j - a ring of protection from cold (left hand)
 x - an amulet of regeneration (around neck)
Wands
 C - a wand of polymorph (6)
Scrolls
 c - a scroll of blinking
 e - a scroll of fear {unknown}
 h - a scroll of teleportation {unknown}
 m - 3 scrolls of identify {unknown}
 s - 2 scrolls of amnesia {unknown}
 B - a scroll of magic mapping {unknown}
Potions
 g - a potion of haste
 k - a potion of heal wounds
 p - 2 potions of cancellation {unknown}
 u - 2 potions of curing
 v - a potion of berserk rage {unknown}
 z - a potion of mutation {unknown}
 A - a potion of flight {unknown}


   Skills:
 + Level 6.0 Fighting
 + Level 3.8 Short Blades
 + Level 6.0 Long Blades
 + Level 3.8 Axes
 + Level 3.8 Maces & Flails
 + Level 3.8 Polearms
 + Level 3.8 Staves
 + Level 3.8 Ranged Weapons
 + Level 4.6 Throwing
 + Level 4.6 Armour
 + Level 6.0 Dodging
 + Level 3.8 Stealth
 + Level 3.8 Shields
 + Level 3.8 Unarmed Combat
 + Level 6.3 Spellcasting
 + Level 3.1 Conjurations
 + Level 3.1 Hexes
 + Level 3.1 Summonings
 + Level 3.1 Necromancy
 + Level 6.3 Translocations
 + Level 3.1 Transmutations
 + Level 3.1 Fire Magic
 + Level 3.1 Ice Magic
 + Level 3.1 Air Magic
 + Level 3.1 Earth Magic
 + Level 3.1 Poison Magic
 + Level 4.1 Invocations
 + Level 3.8 Evocations


You had 14 spell levels left.
You knew the following spells:

 Your Spells              Type           Power      Damage    Failure   Level
a - Blink                 Tloc           50%        N/A       1%          2
b - Teleport Other        Tloc           25%        N/A       3%          3

Your spell library contained the following spells:

 Spells                   Type           Power      Damage    Failure   Level
 Lesser Beckoning         Tloc           50%        N/A       3%          3
 Magic Dart               Conj           60%        1d6       4%          1
 Sting                    Tmut/Pois      60%        1d6       4%          1
 Summon Small Mammal      Summ           60%        N/A       4%          1
 Call Imp                 Summ           15%        N/A       8%          2
 Ensorcelled Hibernation  Hex/Ice        30%        N/A       8%          2
 Poisonous Vapours        Pois/Air       30%        N/A       8%          2
 Vhi's Electric Charge    Tloc/Air       40%        N/A       8%          3
 Manifold Assault         Tloc           25%        N/A       13%         4
 Call Canine Familiar     Summ           15%        N/A       14%         3
 Mephitic Cloud           Conj/Pois/Air  15%        N/A       14%         3
 Spider Form              Tmut/Pois      15%        N/A       14%         3
 Summon Guardian Golem    Hex/Summ       15%        N/A       14%         3
 Anguish                  Hex/Necr       7%         N/A       43%         4
 Olgreb's Toxic Radiance  Pois           15%        N/A       43%         4
 Conjure Ball Lightning   Conj/Air       7%         3x3d6     100%        6
 Discord                  Hex            7%         N/A       100%        8
 Disjunction              Tloc           12%        N/A       100%        8


Dungeon Overview and Level Annotations

Branches:
Dungeon (7/15)             Temple (0/1) D:6

Altars:
Cheibriados
Gozag
Kikubaaqudgha
Makhleb
Sif Muna
Vehumet
Xom
Yredelemnul
Zin
The Shining One

Shops:
D:4 =

Annotations:
D:7 Prince Ribbit


Innate Abilities, Weirdness & Mutations

You have very sharp teeth.
Your uncanny sense of smell can sniff out nearby items.
Your experience applies equally to all skills.


Message History

q - 9 poisoned darts (gained 2)
Found a stone staircase leading up.
Prince Ribbit comes into view.
u - 2 potions of curing (gained 1)
You see here a +0 spear.
Found 12 gold pieces.
A steam dragon comes into view.
The helpless steam dragon fails to defend itself.
You slash the steam dragon!
The steam dragon is moderately wounded.
The steam dragon breathes steam at you. The ball of steam hits you!!
You hear an angry hiss.
You closely miss the steam dragon. Your bite misses the steam dragon.
The steam dragon is moderately wounded.
You are engulfed in a cloud of scalding steam.
The steam dragon bites you! The steam dragon claws you.
A steam dragon comes into view.
The steam dragon hisses angrily.
The steam dragon completely misses you. The steam dragon misses you.
The steam dragon breathes steam at you. The ball of steam hits you.
The ball of steam hits the steam dragon!
The steam dragon resists.
The steam dragon moves out of view.
You hit the steam dragon.
The steam dragon is severely wounded.
You are engulfed in a cloud of scalding steam.
* * * LOW HITPOINT WARNING * * *
The steam dragon closely misses you. The steam dragon claws you.
* * * LOW HITPOINT WARNING * * *
You hit the steam dragon but do no damage.
The steam dragon is severely wounded.
The steam dragon barely misses you.
The steam dragon claws you but does no damage.
The steam dragon breathes steam at you. The ball of steam hits you!
* * * LOW HITPOINT WARNING * * *
You feel yourself speed up.
You are engulfed in a cloud of scalding steam.
You die...

##### ##
##~≈.#### #.
#~~.$.#.## #.
#~D8.....# ##.
#~@...#..# ##..
#~.D..##..###
##>.#
#§.####..<..#
#..#. #~.
#..).#.####.##.
#§.
##..........##.
##.
#..#.####..##.
##
#..#.####..##<
####.......##.
#..#...#.#....


You could see 2 steam dragons.

Vanquished Creatures
  A steam dragon (D:6)
  An orc warrior (D:6)
  A sky beast (D:6)
  A black bear (D:4)
  A centaur (D:6)
  2 phantoms
  A bullfrog (D:4)
  4 scorpions
  A jelly (D:4)
  A hound (D:7)
  A gnoll bouda (D:6)
  An orc priest (D:6)
  Terence (D:2)
  3 iguanas (D:5)
  6 orc wizards
  6 adders
  8 gnolls
  3 worms
  A dart slug (D:4)
  12 orcs
  6 endoplasms
  4 giant cockroaches
  5 goblins
  8 hobgoblins
  5 jackals
  7 kobolds
  4 quokkas
  10 ball pythons
  10 bats
  2 frilled lizards (D:2)
  2 rats
119 creatures vanquished.

Vanquished Creatures (others)
  2 fungi (D:7)
  A plant (D:7)
3 creatures vanquished.

Grand Total: 122 creatures vanquished

Notes
Turn   | Place    | Note
-------+----------+-------------------------------------------
     0 | D:1      | Lobster4 the Gnoll Warper began the quest for the Orb.
     0 | D:1      | Reached XP level 1. HP: 20/20 MP: 6/6
   247 | D:1      | Reached XP level 2. HP: 26/26 MP: 7/7
   669 | D:1      | Learned a level 2 spell: Blink
   946 | D:2      | Reached skill level 5 in Spellcasting
   946 | D:2      | Reached XP level 3. HP: 31/31 MP: 7/9
  1030 | D:2      | Found a faded altar of an unknown god.
  1100 | D:2      | Noticed Terence
  1137 | D:2      | Reached skill level 1 in Invocations
  1200 | D:2      | Reached skill level 1 in Short Blades
  1200 | D:2      | Reached skill level 1 in Axes
  1200 | D:2      | Reached skill level 1 in Maces & Flails
  1200 | D:2      | Reached skill level 1 in Polearms
  1200 | D:2      | Reached skill level 1 in Staves
  1200 | D:2      | Reached skill level 1 in Ranged Weapons
  1200 | D:2      | Reached skill level 1 in Stealth
  1200 | D:2      | Reached skill level 1 in Shields
  1200 | D:2      | Reached skill level 1 in Unarmed Combat
  1200 | D:2      | Reached skill level 1 in Evocations
  1412 | D:3      | Noticed a scorpion
  1460 | D:3      | Learned a level 3 spell: Teleport Other
  1629 | D:3      | Reached XP level 4. HP: 38/38 MP: 11/11
  1959 | D:3      | Found a shimmering blue altar of Sif Muna.
  2008 | D:3      | Reached skill level 1 in Conjurations
  2008 | D:3      | Reached skill level 1 in Hexes
  2008 | D:3      | Reached skill level 1 in Summonings
  2008 | D:3      | Reached skill level 1 in Necromancy
  2008 | D:3      | Reached skill level 1 in Transmutations
  2008 | D:3      | Reached skill level 1 in Fire Magic
  2008 | D:3      | Reached skill level 1 in Ice Magic
  2008 | D:3      | Reached skill level 1 in Air Magic
  2008 | D:3      | Reached skill level 1 in Earth Magic
  2008 | D:3      | Reached skill level 1 in Poison Magic
  2221 | D:3      | Found a snail-covered altar of Cheibriados.
  2296 | D:3      | Found an ancient bone altar of Kikubaaqudgha.
  2304 | D:3      | Reached XP level 5. HP: 37/43 MP: 12/12
  2329 | D:3      | Found a radiant altar of Vehumet.
  2352 | D:3      | Became a worshipper of Sif Muna the Loreminder
  2465 | D:4      | HP: 1/43 [bullfrog (4)]
  2702 | D:4      | Noticed a black bear
  3160 | D:2      | Killed Terence
  3161 | D:2      | Reached XP level 6. HP: 36/50 MP: 14/14
  3489 | D:3      | Reached skill level 5 in Fighting
  3489 | D:3      | Reached skill level 5 in Long Blades
  3489 | D:3      | Reached skill level 5 in Dodging
  3774 | D:4      | Identified the +3 leather armour "Daicaosi" {rElec Int+2}
  3796 | D:4      | Found Ymodint's Jewellery Shoppe.
  3855 | D:4      | Killed a black bear
  3856 | D:4      | Reached XP level 7. HP: 56/56 MP: 15/15
  3995 | D:4      | Found a burning altar of Makhleb.
  3997 | D:4      | Noticed a cacodemon
  3999 | D:4      | Found a glowing silver altar of Zin.
  4000 | D:4      | Noticed an angel
  4170 | D:4      | Found a glowing golden altar of the Shining One.
  4203 | D:5      | Entered Level 5 of the Dungeon
  4928 | D:5      | Reached * piety under Sif Muna
  5085 | D:5      | Reached XP level 8. HP: 52/63 MP: 16/16
  5228 | D:5      | Found a basalt altar of Yredelemnul.
  5276 | D:6      | Found an opulent altar of Gozag.
  5276 | D:6      | Found a shimmering altar of Xom.
  6091 | D:6      | Found a staircase to the Ecumenical Temple.
  6193 | D:7      | Noticed Prince Ribbit
  6215 | D:7      | Engulfed by a steam dragon's steam

Illustrated notes

Levels and vault maps discovered:
D:1:      erik_arrival_triangle_small, layout_basic
D:2:      layout_basic, hellmonk_ecumenical_altar_leap_of_faith,
          wander_ebering_terrifying_dragon_lair, uniq_terence
D:3:      layout_basic, palyth_temple_overflow_mages, amcnicky_altar_gilded,
          skrybe_limestone_x, minivault_26, solitary_fountain
D:4:      minmay_skewed_foursquare, layout_basic,
          grunt_temple_overflow_order_and_chaos_2, tso_altar, serial_shops,
          nicolae_shop_advertising_works [nicolae_subvault_shop_adworks]
D:5:      layout_loops_cross, kennysheep_mini
D:6:      layout_gridville, chequers_temple_overflow_statue_of_worship,
          minmay_temple_entry_hall
D:7:      cheibrodos_steamvent, layout_rooms,
          grunt_temple_overflow_forces_of_nature, serial_shops,
          nicolae_shop_behind_doors, serial_rivers,
          chequers_serial_rivers_room_b, chequers_serial_rivers_small_3,
          chequers_serial_rivers_room_a, chequers_serial_rivers_small_b,
          nrook_loot_triangle, uniq_duvessa, uniq_crazy_yiuf_cottage,
          uniq_prince_ribbit1

Skill      XL: |  1  2  3  4  5  6  7  8 |
---------------+-------------------------+-----
Spellcasting   | 5 6 |  6.3
Invocations    | 1 2 3 4 |  4.1
Short Blades   | 1 2 3 |  3.8
Axes           | 1 2 3 |  3.8
Maces & Flails | 1 2 3 |  3.8
Polearms       | 1 2 3 |  3.8
Staves         | 1 2 3 |  3.8
Ranged Weapons | 1 2 3 |  3.8
Stealth        | 1 2 3 |  3.8
Shields        | 1 2 3 |  3.8
Unarmed Combat | 1 2 3 |  3.8
Evocations     | 1 2 3 |  3.8
Conjurations   | 1 2 3 |  3.1
Hexes          | 1 2 3 |  3.1
Summonings     | 1 2 3 |  3.1
Necromancy     | 1 2 3 |  3.1
Transmutations | 1 2 3 |  3.1
Fire Magic     | 1 2 3 |  3.1
Ice Magic      | 1 2 3 |  3.1
Air Magic      | 1 2 3 |  3.1
Earth Magic    | 1 2 3 |  3.1
Poison Magic   | 1 2 3 |  3.1
Throwing       | 3 4 |  4.6
Armour         | 3 4 |  4.6
Fighting       | 5 6 |  6.0
Long Blades    | 5 6 |  6.0
Dodging        | 5 6 |  6.0
Translocations | 6 |  6.3

Action                   |  1- 3 |  4- 6 |  7- 9 || total
-------------------------+-------+-------+-------++-------
Melee: Falchion          |   128 |   124 |       ||   252
       Bite              |     9 |    15 |    15 ||    39
       Hand axe          |       |    37 |   185 ||   222
       Punch             |       |     2 |     6 ||     8
Throw: Stone             |     8 |     8 |     1 ||    17
       Boomerang         |     3 |       |     1 ||     4
       Dart              |       |    25 |    15 ||    40
 Cast: Blink             |       |     2 |     1 ||     3
       Teleport Other    |       |       |     2 ||     2
  Use: Potion            |       |     5 |     4 ||     9
       Scroll            |       |     2 |       ||     2
 Stab: Sleeping          |     1 |     1 |     4 ||     6
       Invisible         |       |     3 |     2 ||     5
       Distracted        |       |       |     1 ||     1
Armor: Leather armour    |    48 |    50 |    43 ||   141
       Skin              |       |       |     1 ||     1
Dodge: Dodged            |   131 |   114 |   112 ||   357

Table legend: (Time is in decaauts)
 A = Elapsed time spent in this place.
 B = Non-inter-level travel time spent in this place.
 C = Inter-level travel time spent in this place.
 D = Time resting spent in this place.
 E = Time spent auto-exploring this place.
 F = Levels seen in this place.
 G = Mean time per level.
                   A        B        C        D        E       F      G
               +--------+--------+--------+--------+--------+-----+--------+
         Total |   6238 |   5690 |    548 |   1017 |   3096 |   7 |  891.1 |
       Dungeon |   6238 |   5690 |    548 |   1017 |   3096 |   7 |  891.1 |
               +--------+--------+--------+--------+--------+-----+--------+

Top non-repeatable levels by time:
     D:3: 1650 daAuts
     D:5: 1241 daAuts
     D:1: 872 daAuts
     D:2: 865 daAuts
     D:4: 812 daAuts
     D:6: 720 daAuts
     D:7: 75 daAuts
